 Dungeon Crawl Stone Soup version 0.31-a0-691-g409c26aa35 (webtiles) character file.

Game seed: 3114817810444264874

774 lunkers the Martial Artist (level 8, 0/59 HPs)
             Began as a Meteoran Shapeshifter on Sept 6, 2023.
             Slain by a water moccasin (6 damage)
             ... on level 5 of the Dungeon.
             The game lasted 00:06:50 (2335 turns).

lunkers the Martial Artist (Meteoran Shapeshifter)  Turns: 2335, Time: 00:06:50

Health: 0/59       AC:  3    Str: 15    XL:     8   Next: 31%
Magic:  9/9        EV: 12    Int: 11    God:
Gold:   221        SH:  0    Dex: 17    Spells: 7/7 levels left

rFire   . .          .
                       - Unarmed
rCold   . . .        (no shield)
rNeg    . . .        a - +1 animal skin
rPois   .            (helmet currently unavailable)
rElec   .            (cloak currently unavailable)
rCorr   .            (gloves currently unavailable)
SInv    .            (boots currently unavailable)
Will    +....        (no amulet)
Stlth   +            (no ring)
HPRegen 0.29/turn    (no ring)
MPRegen 0.11/turn

%: no passive effects
@: lethally poisoned (0 -> -7), beast-form, glowing
A: beast (slay +3), sense surroundings 1, otherworldly, glowing, explore regen,
talons 1, high MP 1
a: Begin Untransformation


You were on level 5 of the Dungeon.
You were a hulking beast.
You visited 1 branch of the dungeon, and saw 5 of its levels.
You also visited: Sewer.

You collected 221 gold pieces.

Inventory:

Missiles
 b - a curare-tipped dart
Armour
 a - a +1 animal skin (worn)
Talismans
 c - a beast talisman (active)
 d - a flux talisman
 n - a maw talisman
Wands
 m - a wand of mindburst (3)
 p - a wand of paralysis (8)
 t - a wand of iceblast (7)
Scrolls
 e - 3 scrolls of enchant armour
 o - 2 scrolls of revelation
 s - a scroll of fog {unknown}
 u - a scroll of vulnerability
 v - a scroll of identify
Potions
 f - a potion of brilliance
 g - a potion of attraction
 h - a potion of resistance {unknown}
 i - 3 potions of enlightenment
 j - a potion of curing {unknown}
 k - a potion of mutation
 l - a potion of haste {unknown}
 q - a potion of invisibility {unknown}
 r - a potion of ambrosia {unknown}


   Skills:
 - Level 1.1 Fighting
 - Level 2.1 Dodging
 * Level 9.0 Unarmed Combat
 + Level 6.4 Shapeshifting


You had 7 spell levels left.
You didn't know any spells.
Your spell library contained the following spells:

 Spells                   Type           Power      Damage    Failure   Level
 Summon Forest            Summ/Tloc      0%         N/A       100%        5
 Eringya's Noxious Bog    Tmut/Pois      0%         4d6       100%        6
 Summon Hydra             Summ           0%         N/A       100%        7


Dungeon Overview and Level Annotations

Branches:
Dungeon (5/15) Zot: 1120    Sewer (visited)
 Temple: D:4-7

Altars:
Cheibriados

Shops:
D:1 ::=


Innate Abilities, Weirdness & Mutations

You are a hulking beast.
Your limbs bulge with bestial killing power. (Slay +3)
You passively map a small area around you.
You are easily found by Zot.
You glow in the dark.
You regain HP and MP as you explore.
You have sharp toenails.
You have an increased reservoir of magic. (+10% MP)


Message History

The water moccasin is lightly wounded.
The water moccasin bites you.
* * * LOW HITPOINT WARNING * * *
You barely miss the water moccasin.
The water moccasin is lightly wounded.
The water moccasin barely misses you.
You closely miss the water moccasin.
The water moccasin is lightly wounded.
The water moccasin closely misses you. x2
You closely miss the water moccasin.
The water moccasin is lightly wounded.
The water moccasin closely misses you.
You barely miss the water moccasin.
The water moccasin is lightly wounded.
The water moccasin bites you but does no damage.
You barely miss the water moccasin.
The water moccasin is lightly wounded.
The water moccasin bites you.
* * * LOW HITPOINT WARNING * * *
You hit the water moccasin.
The water moccasin is moderately wounded.
The water moccasin completely misses you.
You hit the water moccasin.
The water moccasin is heavily wounded.
The water moccasin bites you.
* * * LOW HITPOINT WARNING * * *
The water moccasin bites you.
* * * LOW HITPOINT WARNING * * *
You are lethally poisoned!
The water moccasin poisons you!
You barely miss the water moccasin.
The water moccasin is heavily wounded.
* * * LOW HITPOINT WARNING * * *
You feel very sick. The water moccasin misses you.
It was a potion of mutation.
You feel extremely strange.
Your toenails lengthen and sharpen.
You feel more energetic.
* * * LOW HITPOINT WARNING * * *
You feel sick. The water moccasin bites you.
You die...

..........########.....#
..........#.........(..# ,
,)............#####.....#
,,..........#......<.....#
, ..........#.#.##.......#
..........#.#.##..#.####
..........#.#..#..#.#
..........#.#..#..#.#
#####....hS....#..#.#
#.............#.# ,
#.........##.##.#
#..............,*
#........###..# ,
#........# * . ,
#######+## * , , ,,* ,


You could see a water moccasin.

Vanquished Creatures
  A black bear (D:4)
  A phantom (D:5)
  3 kobold brigands (Sewer)
  An orc priest (D:3)
  An orc wizard (D:3)
  Natasha (thrice) (D:3)
  An iguana (D:4)
  3 gnolls (D:3)
  9 adders
  3 river rats (Sewer)
  6 worms
  2 dart slugs
  8 orcs (D:3)
  13 ball pythons
  3 endoplasms
  2 giant cockroaches (D:4)
  5 goblins
  5 hobgoblins
  11 jackals
  3 quokkas
  5 bats
  4 frilled lizards
  9 kobolds
  7 rats
109 creatures vanquished.

Vanquished Creatures (collateral kills)
  A ball python (Sewer)
1 creature vanquished.

Grand Total: 110 creatures vanquished

Notes
Turn   | Place    | Note
-------+----------+-------------------------------------------
     0 | D:1      | lunkers the Meteoran Shapeshifter began the quest for the
                  | Orb.
     0 | D:1      | Reached XP level 1. HP: 16/16 MP: 2/2
    14 | D:1      | Found Huilyuk's Book Boutique.
    53 | D:1      | You fall into a shaft and drop 1 floor!
   178 | D:1      | Reached XP level 2. HP: 23/23 MP: 3/3
   180 | D:1      | Reached skill level 4 in Unarmed Combat
   190 | D:1      | Found Pukhay's Book Shop.
   273 | D:1      | Reached XP level 3. HP: 24/28 MP: 4/4
   321 | D:1      | Found Inuq's Jewellery Boutique.
   824 | D:3      | Reached XP level 4. HP: 31/35 MP: 5/5
   827 | D:3      | Reached skill level 5 in Unarmed Combat
   855 | D:3      | Reached XP level 5. HP: 33/40 MP: 6/6
   972 | D:3      | Reached skill level 6 in Unarmed Combat
  1020 | D:3      | Found a snail-covered altar of Cheibriados.
  1022 | D:3      | Noticed Natasha
  1029 | D:3      | Killed Natasha
  1030 | D:3      | Reached XP level 6. HP: 28/47 MP: 7/7
  1223 | D:3      | Reached skill level 5 in Shapeshifting
  1223 | D:3      | Noticed Natasha
  1231 | D:3      | Killed Natasha
  1263 | D:3      | Noticed Natasha
  1272 | D:3      | Killed Natasha
  1487 | D:4      | Reached skill level 7 in Unarmed Combat
  1653 | D:4      | Reached XP level 7. HP: 49/52 MP: 8/8
  1685 | D:4      | Found a glowing drain.
  1742 | Sewer    | Entered a sewer
  1794 | Sewer    | Reached skill level 8 in Unarmed Combat
  1812 | Sewer    | Reached XP level 8. HP: 8/59 MP: 9/9
  2135 | Sewer    | Glimpsed the power of Zot.
  2170 | Sewer    | Glimpsed the power of Zot.
  2292 | D:5      | Entered Level 5 of the Dungeon
  2322 | D:5      | Reached skill level 9 in Unarmed Combat
  2335 | D:5      | Gained mutation: You have sharp toenails. [potion of
                  | mutation]
  2335 | D:5      | Gained mutation: You have an increased reservoir of magic.
                  | (+10% MP) [potion of mutation]
  2335 | D:5      | Slain by a water moccasin

Illustrated notes

Levels and vault maps discovered:
D:1:      psy_arrival_dodecagon, layout_basic, ebering_ecumenical_altar_mist,
          serial_shops, nicolae_shop_tiny_waterfront, nicolae_diamond_shop,
          shop, shop, shop
D:2:      layout_loops_ring
D:3:      layout_loops_ring, mainiacjoe_overflow_paths,
          minmay_misc_feat_enclosed, uniq_natasha, uniq_crazy_yiuf_cottage
D:4:      layout_loops_ring, portal_sewer_entry_a, st_stairs_6
D:5:      layout_basic, hellmonk_no_cap, uniq_pikel, uniq_blork_the_orc

Skill      XL: |  1  2  3  4  5  6  7  8 |
---------------+-------------------------+-----
Unarmed Combat | 4 5 6 7 8 9 |  9.0
Shapeshifting  | 4 5 6 |  6.4
Fighting       | |  1.1
Dodging        | |  2.1

Action                     |  1- 3 |  4- 6 |  7- 9 || total
---------------------------+-------+-------+-------++-------
  Melee: Unarmed           |    82 |   125 |   110 ||   317
         Punch             |     2 |     5 |     2 ||     9
  Evoke: Wand              |       |       |     2 ||     2
    Use: Scroll            |       |       |    10 ||    10
         Potion            |       |       |     2 ||     2
 Armour: Animal skin       |    38 |    50 |    60 ||   148
         Skin              |       |       |    50 ||    50
  Dodge: Dodged            |    63 |    57 |    56 ||   176

Table legend: (Time is in decaauts)
 A = Elapsed time spent in this place.
 B = Non-inter-level travel time spent in this place.
 C = Inter-level travel time spent in this place.
 D = Time resting spent in this place.
 E = Time spent auto-exploring this place.
 F = Levels seen in this place.
 G = Mean time per level.
                   A        B        C        D        E       F      G
               +--------+--------+--------+--------+--------+-----+--------+
         Total |   2430 |   2332 |     98 |      0 |   1237 |   6 |  405.0 |
       Dungeon |   1878 |   1780 |     98 |      0 |   1228 |   5 |  375.6 |
         Sewer |    551 |    551 |      0 |      0 |      8 |   1 |  551.0 |
               +--------+--------+--------+--------+--------+-----+--------+

Top non-repeatable levels by time:
     D:4: 567 daAuts
   Sewer: 551 daAuts
     D:3: 512 daAuts
     D:2: 417 daAuts
     D:1: 341 daAuts
     D:5: 39 daAuts
